 Dungeon Crawl Stone Soup version 0.27-a0-103-g6cd7b45605 (webtiles) character file.

Game seed: 1638250545469291065

94 n3xuiz the Shield-Bearer (level 4, 0/44 HPs)
             Began as a Troll Fighter on Jan 23, 2021.
             Slain by Sigmund
             ... wielding a +0 scythe
              (6 damage)
             ... on level 3 of the Dungeon.
             The game lasted 00:03:17 (1440 turns).

n3xuiz the Shield-Bearer (Troll Fighter)            Turns: 1440, Time: 00:03:17

Health: 0/44       AC:  6    Str: 25    XL:     4   Next: 38%
Magic:  3/3        EV:  8    Int:  4    God:
Gold:   99         SH:  0    Dex:  9    Spells: 3/3 levels left

rFire    . . .     SeeInvis .   a - +0 war axe
rCold    . . .     Faith    .   c - +0 kite shield
rNeg     . . .     Spirit   .   b - +0 robe
rPois    .         Reflect  .   (helmet restricted)
rElec    .         Harm     .   (no cloak)
rCorr    +         Rampage  .   (gloves unavailable)
Will     +....                  (boots unavailable)
Stlth    +.........             (no amulet)
HPRegen  0.54/turn              h - ring of resist corrosion
MPRegen  0.08/turn              t - ring of willpower

@: confused
A: large, unfitting armour, claws 3, regeneration 1, shaggy fur 1, tough skin 3
a: no special abilities


You were on level 3 of the Dungeon.
You visited 1 branch of the dungeon, and saw 3 of its levels.

You collected 99 gold pieces.

Inventory:

Hand Weapons
 a - a +0 war axe (weapon)
Armour
 b - a +0 robe (worn)
 c - a +0 kite shield (worn)
Jewellery
 h - a ring of resist corrosion (left claw)
 j - an uncursed ring of magical power
 t - a ring of willpower (right claw)
Scrolls
 i - a scroll of teleportation {unknown}
 k - 2 scrolls of identify {unknown}
 m - 2 scrolls of fear {unknown}
 q - 2 scrolls of blinking {unknown}
Potions
 d - a potion of might
 e - a potion of degeneration {unknown}
 f - a potion of resistance {unknown}
 g - a potion of haste {unknown}
 l - a potion of berserk rage {unknown}
 n - 2 potions of lignification {unknown}
 o - a potion of invisibility {unknown}
 p - a potion of heal wounds {unknown}
 r - a potion of attraction {unknown}
 s - a potion of ambrosia {unknown}


   Skills:
 + Level 2.8 Fighting
 + Level 2.7 Axes
 + Level 2.8 Dodging
 + Level 3.0 Shields


You had 3 spell levels left.
You didn't know any spells.
Your spell library was empty.

Dungeon Overview and Level Annotations

Branches:
Dungeon (3/15)

Altars:
Dithmenos
Sif Muna
Uskayaw

Annotations:
D:2 1 runed translucent door, Crazy Yiuf
D:3 Sigmund


Innate Abilities, Weirdness & Mutations

You are too large for most types of armour.
You have claws for hands.
Your natural rate of healing is unusually fast.
You are covered in fur. (AC +1)
You have extremely tough skin. (AC +3)


Message History

Things that are here:
a +0 club; a +0 leather armour Unknown command.
You hit the kobold.
The kobold is moderately wounded.
You slash the hobgoblin!
You kill the hobgoblin!
You block the kobold's attack.
You hear some strange, mumbled words.
You are confused.
You're too confused to move!
The kobold hits you with a +0 short sword.
You hear a zap.
A puff of flame appears from out of thin air!
The puff of flame hits you!
* * * LOW HITPOINT WARNING * * *
Unknown command.
You bump into the rock wall.
The kobold hits you but does no damage. The quokka completely misses you.
Something hits you.
You die...

#..# #..#
#..# #..# .
#..# ...
#..#
.....###r.#
♣.oK@<{#
♣..######
... .


You could see an orc, a quokka and a kobold.

Vanquished Creatures
  3 adders (D:2)
  2 oozes
  2 dart slugs (D:1)
  A leopard gecko (D:1)
  2 orcs (D:3)
  5 giant cockroaches
  6 hobgoblins
  7 jackals
  5 bats (D:1)
  2 frilled lizards (D:1)
  5 goblins
  2 kobolds (D:1)
  9 rats
51 creatures vanquished.

Notes
Turn   | Place    | Note
-------+----------+-------------------------------------------
     0 | D:1      | n3xuiz the Troll Fighter began the quest for the Orb.
     0 | D:1      | Reached XP level 1. HP: 22/22 MP: 0/0
    76 | D:1      | Reached XP level 2. HP: 25/29 MP: 1/1
   608 | D:1      | Reached XP level 3. HP: 34/36 MP: 2/2
   982 | D:2      | Reached XP level 4. HP: 43/44 MP: 3/3
  1045 | D:2      | Reached skill level 3 in Shields
  1154 | D:2      | Found a shadowy altar of Dithmenos.
  1166 | D:2      | Found a shimmering blue altar of Sif Muna.
  1167 | D:2      | Found a hide-covered altar of Uskayaw.
  1257 | D:2      | Found a runed translucent door.
  1261 | D:2      | Noticed Crazy Yiuf
  1425 | D:3      | Noticed Sigmund
  1440 | D:3      | Slain by Sigmund

Illustrated notes

Levels and vault maps discovered:
D:1:      dpeg_arrival_central, layout_loops_corners, grunt_decor_junction
D:2:      layout_rooms, minitemple, uniq_crazy_yiuf_cottage
D:3:      layout_basic, makhleb_blood_cavern_becter, chequers_mini_garden,
          okawaru_metal_pillars_1_2, uniq_sigmund

Skill      XL: |  1  2  3  4 |
---------------+-------------+-----
Axes           | 2 |  2.7
Shields        | 3 |  3.0
Fighting       | |  2.8
Dodging        | |  2.8

Action                   |  1- 3 |  4- 6 || total
-------------------------+-------+-------++-------
Melee: War axe           |   107 |    35 ||   142
Armor: Robe              |    54 |    14 ||    68
Dodge: Dodged            |    53 |    15 ||    68
Block: Kite shield       |    55 |    17 ||    72

Table legend: (Time is in decaauts)
 A = Elapsed time spent in this place.
 B = Non-inter-level travel time spent in this place.
 C = Inter-level travel time spent in this place.
 D = Time resting spent in this place.
 E = Time spent auto-exploring this place.
 F = Levels seen in this place.
 G = Mean time per level.
                   A        B        C        D        E       F      G
               +--------+--------+--------+--------+--------+-----+--------+
         Total |   1503 |   1473 |     30 |      0 |   1102 |   3 |  501.0 |
       Dungeon |   1503 |   1473 |     30 |      0 |   1102 |   3 |  501.0 |
               +--------+--------+--------+--------+--------+-----+--------+

Top non-repeatable levels by time:
     D:1: 951 daAuts
     D:2: 531 daAuts
     D:3: 20 daAuts
